[Event "M11"]
[Site "?"]
[Date "2025.07.27"]
[Round "1"]
[White "Tornberg, Carlos"]
[Black "Feidheim, Jonas"]
[Result "0-1"]
[ECO "C18"]
[WhiteElo "2164"]
[BlackElo "2118"]
[Annotator ",martin-koller@seznam"]
[PlyCount "86"]
[TimeControl "240+2"]

{600MB, Fritz10.ctg} 1. e4 e6 2. d4 d5 3. Nc3 Bb4 4. e5 c5 5. a3 Bxc3+ 6. bxc3
Ne7 7. h4 Qc7 8. h5 h6 9. Bd3 Nbc6 10. Qg4 c4 11. Be2 Qa5 12. Rh3 Nf5 13. Kf1
Qa4 14. Bd1 Bd7 15. Qf4 Rf8 16. g4 Nfe7 17. Nf3 O-O-O 18. Nh4 f6 19. exf6 Rxf6
20. Qh2 Rdf8 21. Rf3 Rxf3 22. Nxf3 Rxf3 23. Bxf3 Qxc2 24. Be3 Qxc3 25. Rc1 Qxa3
26. Qf4 e5 27. Qf8+ Kc7 28. Kg2 e4 29. Bxe4 dxe4 30. Bf4+ Kb6 31. Be3 Ka6 32.
d5 Na5 33. Qxg7 Nxd5 34. Qxh6+ Bc6 35. Re1 c3 36. g5 c2 37. g6 Qc3 38. g7 Qxe1
39. Bd2 c1=Q 40. Bxc1 e3 41. g8=Q Nf6+ 42. Kg3 Qxf2+ 43. Kh3 Bd7+ 0-1

[Event "M11"]
[Site "?"]
[Date "2025.07.27"]
[Round "1"]
[White "Karlsson, Marcus"]
[Black "Aubrecht, Petr"]
[Result "1-0"]
[ECO "B30"]
[WhiteElo "2006"]
[BlackElo "2015"]
[Annotator ",martin-koller@seznam"]
[PlyCount "52"]
[TimeControl "240+2"]

{600MB, Fritz10.ctg} 1. e4 c5 2. Nf3 Nc6 3. Bb5 Nd4 4. Bc4 e6 5. c3 Nxf3+ 6.
Qxf3 Qf6 7. Qe2 Ne7 8. O-O Ng6 9. d4 cxd4 10. f4 Bc5 11. Kh1 O-O 12. e5 Qe7 13.
cxd4 Bxd4 14. Be3 Bxe3 15. Qxe3 d5 16. exd6 Qxd6 17. Nc3 a6 18. Ne4 Qe7 19.
Rac1 b5 20. Bd3 Bb7 21. Ng5 Qf6 22. f5 Nh4 23. Rc2 h6 24. Ne4 neèitelné 1-0

[Event "M11"]
[Site "?"]
[Date "2025.07.27"]
[Round "1"]
[White "Hartwig, Maik"]
[Black "Silwer, Martin"]
[Result "0-1"]
[ECO "D04"]
[WhiteElo "1970"]
[BlackElo "1989"]
[Annotator ",martin-koller@seznam"]
[PlyCount "64"]
[TimeControl "240+2"]

{600MB, Fritz10.ctg} 1. d4 d5 2. Nf3 Nf6 3. e3 Bg4 4. Be2 e6 5. Nbd2 Nbd7 6.
O-O Be7 7. c4 c6 8. b3 O-O 9. Bb2 a5 10. h3 Bxf3 11. Bxf3 a4 12. bxa4 Nb6 13.
Qb3 Nxa4 14. cxd5 cxd5 15. Ba3 Bxa3 16. Qxa3 Qd7 17. Rfc1 b5 18. Be2 Nb6 19.
Qb2 Nc4 20. Bxc4 bxc4 21. Qc2 Ra4 22. Nb1 Ne4 23. Nc3 Nxc3 24. Qxc3 Rfa8 25.
Rc2 Qd6 26. Rb2 g6 27. Qc2 Ra3 28. Rab1 Kg7 29. e4 Qf4 30. exd5 exd5 31. Rd1 c3
32. g3 Qf6 0-1

[Event "M11"]
[Site "?"]
[Date "2025.07.27"]
[Round "1"]
[White "Kalisky, Vladimir"]
[Black "Hanl, Frantisek"]
[Result "0-1"]
[ECO "B12"]
[WhiteElo "2133"]
[BlackElo "2136"]
[Annotator ",martin-koller@seznam"]
[PlyCount "104"]
[TimeControl "240+2"]

{600MB, Fritz10.ctg} 1. e4 c6 2. d4 d5 3. e5 Bf5 4. Nf3 e6 5. Be2 Nd7 6. O-O
Ne7 7. Nh4 Bg6 8. Nd2 Nf5 9. Nxf5 Bxf5 10. g4 Bg6 11. f4 f5 12. exf6 Qxf6 13.
f5 exf5 14. Nf3 f4 15. g5 Qf7 16. Nh4 Bd6 17. Ng2 Be4 18. Nxf4 O-O 19. Bg4 Qe7
20. Nh5 Rxf1+ 21. Qxf1 Bxc2 22. Bd2 Nf8 23. Re1 Be4 24. Qh3 c5 25. dxc5 Bxc5+
26. Be3 Re8 27. Bxc5 Qxc5+ 28. Qe3 d4 29. Qf2 Qxg5 30. h3 Bg6 31. Rxe8 Bxe8 32.
Qf4 Qc5 33. Ng3 d3+ 34. Qf2 Qc1+ 35. Nf1 Bc6 36. Bf5 Qc4 37. Kh2 g6 38. Bg4
Qxa2 39. Ne3 Qa5 40. Nc4 Qd5 41. Nd2 Qe5+ 42. Kg1 Qxb2 43. Qe3 Qa1+ 44. Kf2
Qf6+ 45. Kg1 h5 46. Bc8 Qd6 47. h4 Qd5 48. Qg3 a5 49. Bh3 Qc5+ 50. Kh2 a4 51.
Bf1 Qd5 52. Qe3 a3 0-1

[Event "M11"]
[Site "?"]
[Date "2025.07.27"]
[Round "1"]
[White "Reichmann, Steffen"]
[Black "Schaefer, Martin"]
[Result "0-1"]
[ECO "B26"]
[WhiteElo "1996"]
[BlackElo "1983"]
[Annotator ",martin-koller@seznam"]
[PlyCount "134"]
[TimeControl "240+2"]

{600MB, Fritz10.ctg} 1. e4 c5 2. Nc3 Nc6 3. g3 g6 4. Bg2 Bg7 5. d3 e6 6. Be3 d6
7. f4 Nge7 8. Nf3 Rb8 9. Qd2 b5 10. O-O b4 11. Nd1 a5 12. c3 O-O 13. d4 Ba6 14.
Re1 cxd4 15. cxd4 d5 16. e5 a4 17. g4 Na5 18. Qf2 Qd7 19. b3 Rfc8 20. Nb2 Bb5
21. bxa4 Bxa4 22. Rec1 Bb5 23. Bf1 Bc4 24. Nd2 Bxf1 25. Qxf1 Rc3 26. Qa6 Qc8
27. Qxc8+ Rbxc8 28. Nf1 Nc4 29. Rxc3 bxc3 30. Na4 Bh6 31. Kf2 Nb2 32. Nc5 Bf8
33. Ng3 Nc6 34. Ne2 Bxc5 35. dxc5 c2 36. Nc1 d4 37. Bd2 Ne7 38. Nb3 d3 39. a4
Rb8 40. Nc1 Nc4 41. Ke1 Rb1 42. Ra2 Nc6 43. a5 N6xa5 44. f5 gxf5 45. gxf5 exf5
46. Bh6 f4 47. Bxf4 Kg7 48. Ra4 Nb3 49. Rxc4 Nxc1 50. c6 Ne2+ 51. Kf2 Nxf4 52.
c7 c1=Q 53. c8=Q Rb2+ 54. Kf3 Qf1+ 55. Ke4 Re2+ 56. Kd4 Qa1+ 57. Kc5 Rxe5+ 58.
Kc6 Re6+ 59. Kb5 Qb2+ 60. Rb4 Qe5+ 61. Ka4 Qa1+ 62. Kb5 Qf6 63. Qc7 Qe5+ 64.
Qc5 Qxc5+ 65. Kxc5 d2 66. Rd4 Re2 67. Kc4 Re4 0-1

[Event "K11"]
[Site "?"]
[Date "2025.07.27"]
[Round "1"]
[White "Vesely, Jaromir"]
[Black "Smisek, Robin"]
[Result "0-1"]
[ECO "D56"]
[WhiteElo "1924"]
[BlackElo "1823"]
[Annotator ",martin-koller@seznam"]
[PlyCount "62"]
[TimeControl "240+2"]

{600MB, Fritz10.ctg} 1. d4 d5 2. c4 dxc4 3. Nc3 Nf6 4. Nf3 e6 5. Bg5 Be7 6. e3
h6 7. Bh4 O-O 8. Bxc4 a6 9. a3 b5 10. Ba2 Bb7 11. Qd3 c5 12. Rd1 c4 13. Qc2 Nd5
14. Bb1 f5 15. Bg3 Nxc3 16. Qxc3 Nd7 17. O-O Bd5 18. Ne5 Nxe5 19. Bxe5 Qb6 20.
f3 b4 21. axb4 Qxb4 22. Qc2 Bc6 23. e4 Ba4 24. Qf2 Bxd1 25. Rxd1 Bd6 26. exf5
Bxe5 27. dxe5 Rad8 28. Re1 Rd2 29. Qg3 Qxb2 30. fxe6 Qd4+ 31. Kh1 Rd1 0-1

[Event "K11"]
[Site "?"]
[Date "2025.07.27"]
[Round "1"]
[White "Tichy, Petr"]
[Black "Plesnivy, Martin"]
[Result "1/2-1/2"]
[ECO "A06"]
[WhiteElo "1967"]
[BlackElo "1801"]
[Annotator ",martin-koller@seznam"]
[PlyCount "67"]
[TimeControl "240+2"]

{600MB, Fritz10.ctg} 1. Nf3 d5 2. b3 c5 3. Bb2 Nf6 4. g3 Nc6 5. d4 e6 6. Bg2
Bd6 7. O-O cxd4 8. Nxd4 e5 9. Nxc6 bxc6 10. c4 Be6 11. Nc3 Bc7 12. Rc1 O-O 13.
cxd5 cxd5 14. Nb5 Bb8 15. e3 a6 16. Nc3 Qd7 17. Na4 Bc7 18. Ba3 Rfd8 19. Nc5
Qc8 20. Nxe6 fxe6 21. Qc2 Rd7 22. Qc6 Qe8 23. Bh3 Kf7 24. Bxe6+ Qxe6 25. Qxa8
Ng4 26. Rc6 Qe8 27. Qxe8+ Kxe8 28. Rxa6 d4 29. Ra8+ Kf7 30. exd4 exd4 31. Ra7
d3 32. Bb4 Ke8 33. Re1+ Kf7 34. Rc1 1/2-1/2

[Event "K11"]
[Site "?"]
[Date "2025.07.27"]
[Round "1"]
[White "Meierowicz, Thomas"]
[Black "Dome, Michal"]
[Result "1/2-1/2"]
[ECO "A30"]
[WhiteElo "1979"]
[BlackElo "1963"]
[Annotator ",martin-koller@seznam"]
[PlyCount "54"]
[TimeControl "240+2"]

{600MB, Fritz10.ctg} 1. Nf3 Nf6 2. c4 e6 3. b3 Be7 4. Bb2 b6 5. g3 Bb7 6. Bg2
O-O 7. O-O c5 8. Nc3 Ne4 9. Qc2 Nxc3 10. Bxc3 d5 11. cxd5 exd5 12. d4 Nd7 13.
dxc5 bxc5 14. e3 Nf6 15. Qb2 Qb6 16. Rfd1 Rfd8 17. Rab1 a5 18. a3 Ba6 19. b4
axb4 20. axb4 cxb4 21. Bxb4 Rdb8 22. Bc3 Qc7 23. Be5 Rxb2 24. Bxc7 Rxb1 25.
Rxb1 Bd3 26. Rb8+ Rxb8 27. Bxb8 Ne4 1/2-1/2

[Event "K11"]
[Site "?"]
[Date "2025.07.27"]
[Round "1"]
[White "Schimmer, Michael"]
[Black "Pokorny, Jan"]
[Result "1/2-1/2"]
[ECO "B32"]
[WhiteElo "1819"]
[BlackElo "1802"]
[Annotator ",martin-koller@seznam"]
[PlyCount "72"]
[TimeControl "240+2"]

{600MB, Fritz10.ctg} 1. e4 c5 2. Nf3 Nc6 3. d4 cxd4 4. Nxd4 e5 5. Nb5 a6 6.
Nd6+ Bxd6 7. Qxd6 Qf6 8. Qd1 Qg6 9. Nc3 Nge7 10. h4 h5 11. Rh3 d5 12. Rg3 Bg4
13. f3 dxe4 14. fxg4 Nf5 15. Nxe4 Nxg3 16. Nxg3 hxg4 17. Bd3 Qe6 18. Nf5 O-O-O
19. Nxg7 Qd5 20. Bf5+ Kb8 21. Qxd5 Rxd5 22. Bg5 Nd4 23. Be4 Rd6 24. c3 f6 25.
Be3 Rxh4 26. g3 Nc2+ 27. Kf2 Rh2+ 28. Kg1 Re2 29. Bxc2 Rxc2 30. Nf5 Rd3 31. Rb1
Re2 32. Bc5 Rdd2 33. Ne3 Rd3 34. Nf5 Kc7 35. Be7 Rf3 36. Rf1 Rd3 1/2-1/2

[Event "K11"]
[Site "?"]
[Date "2025.07.27"]
[Round "1"]
[White "Lebeda, Frantisek"]
[Black "Spindler, Marcus"]
[Result "0-1"]
[ECO "B68"]
[WhiteElo "1857"]
[BlackElo "1883"]
[Annotator ",martin-koller@seznam"]
[PlyCount "78"]
[TimeControl "240+2"]

{600MB, Fritz10.ctg} 1. e4 c5 2. Nf3 d6 3. d4 cxd4 4. Nxd4 Nf6 5. Nc3 a6 6. Bg5
e6 7. f4 Be7 8. Qd2 Nc6 9. O-O-O Qc7 10. Be2 Bd7 11. Qe3 Rc8 12. h3 b5 13. Nxc6
Bxc6 14. a3 Bb7 15. Bd3 h6 16. Bh4 O-O 17. Bf2 Rfd8 18. g4 d5 19. exd5 exd5 20.
Qd4 Bxa3 21. Nxb5 Bxb2+ 22. Kxb2 axb5 23. Bh4 b4 24. Be1 Ne4 25. Bxb4 Rb8 26.
Bxe4 dxe4 27. Qe5 Qb6 28. Qa5 Qxa5 29. Bxa5 Re8 30. Rhe1 e3 31. Bc7 Rbc8 32.
Be5 f6 33. Bd4 e2 34. Rd2 Ba6 35. Bf2 Re4 36. Rd4 Re7 37. Rd6 Rb7+ 38. Rb6
Rxb6+ 39. Bxb6 Rb8 0-1

[Event "K12"]
[Site "?"]
[Date "2025.07.27"]
[Round "1"]
[White "Hentzgen, Thomas"]
[Black "Feierfeil, Jiri"]
[Result "1-0"]
[ECO "A13"]
[WhiteElo "1930"]
[BlackElo "1738"]
[Annotator ",martin-koller@seznam"]
[PlyCount "59"]
[TimeControl "240+2"]

{600MB, Fritz10.ctg} 1. Nf3 d5 2. b3 Nf6 3. Bb2 e6 4. e3 c5 5. c4 Be7 6. cxd5
exd5 7. d4 cxd4 8. Nxd4 O-O 9. Be2 b6 10. O-O Ne4 11. Nc3 Nxc3 12. Bxc3 Bf6 13.
Rc1 Bb7 14. Bf3 Nd7 15. Bb4 Be7 16. Bxe7 Qxe7 17. Rc7 Ba6 18. Bxd5 Qd6 19. Nb5
Kh8 20. Bxa8 Qxd1 21. Rxd1 Bxb5 22. Rxa7 Nf6 23. Bf3 g5 24. a4 Be8 25. Ra8 Kg7
26. Rdd8 Rg8 27. h3 h6 28. g4 Bd7 29. Rxg8+ Nxg8 30. Rb8 1-0

[Event "K12"]
[Site "?"]
[Date "2025.07.27"]
[Round "1"]
[White "Rull, Michal"]
[Black "Svoboda, Daniel"]
[Result "0-1"]
[ECO "D00"]
[WhiteElo "1846"]
[BlackElo "1941"]
[Annotator ",martin-koller@seznam"]
[PlyCount "22"]
[TimeControl "240+2"]

{600MB, Fritz10.ctg} 1. d4 d5 2. Bf4 c5 3. dxc5 Nc6 4. Nf3 f6 5. Nc3 e5 6. Bg3
d4 7. Ne4 Bf5 8. Nd6+ Bxd6 9. cxd6 Nb4 10. e3 Nxc2+ 11. Kd2 Qa5+ 0-1

[Event "K12"]
[Site "?"]
[Date "2025.07.27"]
[Round "1"]
[White "Suchy, Ladislav"]
[Black "Macha, Vaclav"]
[Result "1/2-1/2"]
[ECO "C10"]
[WhiteElo "1852"]
[BlackElo "1875"]
[Annotator ",martin-koller@seznam"]
[PlyCount "114"]
[TimeControl "240+2"]

{600MB, Fritz10.ctg} 1. e4 e6 2. Nf3 d5 3. Nc3 dxe4 4. Nxe4 Nd7 5. d4 Ngf6 6.
Ng3 Be7 7. Bd3 b6 8. Qe2 a5 9. Bg5 Bb7 10. O-O O-O 11. Rad1 Nd5 12. Bd2 N7f6
13. c3 Bd6 14. Ne5 c5 15. dxc5 Bxc5 16. Bg5 Qc7 17. c4 Bd6 18. f4 Qc5+ 19. Kh1
Ne3 20. Rg1 Nxd1 21. Rxd1 Bxe5 22. fxe5 Nd7 23. Re1 Qd4 24. Bb1 Qc5 25. Qd3 f5
26. Qxd7 Bc8 27. Qd3 Ra7 28. b3 Rd7 29. Qe3 Qxe3 30. Bxe3 f4 31. Bxb6 fxg3 32.
hxg3 Rdf7 33. Be4 Rf1+ 34. Rxf1 Rxf1+ 35. Kh2 Re1 36. Bc6 Rxe5 37. c5 Re2 38.
a3 Ra2 39. Bxa5 Rxa3 40. b4 Kf7 41. Bc7 Ke7 42. b5 Bd7 43. Bd6+ Kd8 44. Bb7
Bxb5 45. c6 Rc3 46. c7+ Rxc7 47. Bxc7+ Kxc7 48. Be4 h6 49. Kh3 Bc6 50. Bf3 Kd6
51. Kg4 g6 52. Kf4 e5+ 53. Ke3 Bd5 54. g4 g5 55. Kd3 Kc5 56. Kc3 e4 57. Be2 e3
1/2-1/2

[Event "K12"]
[Site "?"]
[Date "2025.07.27"]
[Round "1"]
[White "Algars, Olle"]
[Black "Schoenmakers, Nico"]
[Result "1-0"]
[ECO "D35"]
[WhiteElo "1870"]
[BlackElo "1856"]
[Annotator ",martin-koller@seznam"]
[PlyCount "129"]
[TimeControl "240+2"]

{600MB, Fritz10.ctg} 1. c4 e6 2. Nc3 d5 3. cxd5 exd5 4. d4 c6 5. Bf4 Nf6 6. e3
Be7 7. Bd3 O-O 8. h3 Nbd7 9. Nf3 Re8 10. Rc1 Nf8 11. O-O Ng6 12. Ne5 Bd6 13.
Nxg6 hxg6 14. Qf3 Nh5 15. Bxd6 Qxd6 16. Rfd1 Qf6 17. Qxf6 Nxf6 18. b4 Bf5 19.
b5 Bxd3 20. Rxd3 Rac8 21. bxc6 Rxc6 22. Rb1 Rec8 23. Rb3 a6 24. a4 b6 25. f3
Re6 26. Kf2 Rcc6 27. Rb4 Rc8 28. h4 Rec6 29. Rb3 Re6 30. g4 Rd6 31. Rd2 Nd7 32.
Ke2 f6 33. Kd3 Kf7 34. Na2 Rh8 35. Rh2 Rc8 36. Rc3 Rxc3+ 37. Nxc3 Ke6 38. h5 g5
39. h6 gxh6 40. Rxh6 Nb8 41. e4 dxe4+ 42. Nxe4 Rc6 43. Rxf6+ Ke7 44. Rxc6 Nxc6
45. Nxg5 Nb4+ 46. Kc4 Nc2 47. Ne4 b5+ 48. axb5 axb5+ 49. Kc3 Ne1 50. f4 Ng2 51.
f5 Ne3 52. Nf2 Nd5+ 53. Kd3 Nf4+ 54. Ke4 Ne2 55. Ke3 Nc3 56. g5 Nd5+ 57. Ke4
Nc3+ 58. Ke5 b4 59. Nd3 b3 60. g6 Nd1 61. f6+ Kf8 62. Ke6 Ne3 63. d5 Nc2 64.
g7+ Kg8 65. Ke7 1-0

[Event "M11"]
[Site "?"]
[Date "2025.07.27"]
[Round "2"]
[White "Aubrecht, Petr"]
[Black "Tornberg, Carlos"]
[Result "0-1"]
[ECO "A01"]
[WhiteElo "2015"]
[BlackElo "2164"]
[Annotator ",martin-koller@seznam"]
[PlyCount "62"]
[TimeControl "240+2"]

{600MB, Fritz10.ctg} 1. b3 Nf6 2. Bb2 g6 3. Bxf6 exf6 4. c4 Bg7 5. g3 O-O 6.
Bg2 f5 7. Nc3 Re8 8. e3 d6 9. Nge2 Nd7 10. O-O Nf6 11. Rc1 c6 12. Qc2 Qe7 13.
d4 Ne4 14. b4 h5 15. h4 Bd7 16. b5 Rac8 17. Qd3 Bh6 18. Nf4 Bxf4 19. exf4 Nxc3
20. Rxc3 cxb5 21. Bxb7 bxc4 22. Qc2 Rc7 23. Bd5 Be6 24. Re1 Bxd5 25. Rxe7 Rcxe7
26. Re3 Rxe3 27. fxe3 Rxe3 28. Kf2 Rf3+ 29. Ke1 c3 30. Qa4 Be4 31. d5 Bd3 0-1

[Event "M11"]
[Site "?"]
[Date "2025.07.27"]
[Round "2"]
[White "Silwer, Martin"]
[Black "Hanl, Frantisek"]
[Result "0-1"]
[ECO "A25"]
[WhiteElo "1989"]
[BlackElo "2136"]
[Annotator ",martin-koller@seznam"]
[PlyCount "70"]
[TimeControl "240+2"]

{600MB, Fritz10.ctg} 1. c4 e5 2. Nc3 Nc6 3. g3 g6 4. Bg2 Bg7 5. e3 f5 6. Nge2
Nf6 7. O-O O-O 8. d4 e4 9. a3 d5 10. cxd5 Nxd5 11. Nxd5 Qxd5 12. Bd2 Ne7 13.
Qc2 c6 14. Rfc1 Qf7 15. Bb4 Be6 16. Bxe7 Qxe7 17. Nf4 Bf7 18. Bf1 g5 19. Ng2
Bd5 20. Bc4 Rad8 21. b4 Kh8 22. Rab1 Bh6 23. b5 cxb5 24. Rxb5 Bc6 25. Ra5 b6
26. Re5 Qxa3 27. Be6 Ba4 28. Qc7 Bd7 29. Bxd7 Rxd7 30. Qxd7 Qxc1+ 31. Ne1 Qxe1+
32. Kg2 f4 33. Re7 fxg3 34. Rxh7+ Kg8 35. Rxh6 Qxf2+ 0-1

[Event "M11"]
[Site "?"]
[Date "2025.07.27"]
[Round "2"]
[White "Hartwig, Maik"]
[Black "Karlsson, Marcus"]
[Result "1-0"]
[ECO "A05"]
[WhiteElo "1970"]
[BlackElo "2006"]
[Annotator ",martin-koller@seznam"]
[PlyCount "75"]
[TimeControl "240+2"]

{600MB, Fritz10.ctg} 1. Nf3 Nf6 2. b3 c5 3. Bb2 e6 4. e3 Be7 5. Be2 O-O 6. c4
b6 7. Rg1 Bb7 8. g4 d5 9. h4 Nc6 10. g5 Ne4 11. d3 Nd6 12. Nbd2 Nf5 13. a3 a6
14. Qc2 b5 15. cxd5 exd5 16. d4 Nd6 17. dxc5 Ne4 18. b4 f5 19. Nd4 Qb8 20. f4
Qc8 21. Nxe4 dxe4 22. Qb3+ Kh8 23. Ne6 Rg8 24. h5 Nd8 25. Nxg7 Rxg7 26. h6 Qe6
27. Bxg7+ Kg8 28. Qc3 Nf7 29. Rd1 Rd8 30. Rxd8+ Bxd8 31. Kf2 Bc7 32. Rd1 Bc6
33. Rd2 Qg6 34. Qf6 Qxf6 35. Bxf6 Nh8 36. Bh5 Ng6 37. Bxg6 hxg6 38. Be5 1-0

[Event "K11"]
[Site "?"]
[Date "2025.07.27"]
[Round "2"]
[White "Pokorny, Jan"]
[Black "Plesnivy, Martin"]
[Result "0-1"]
[ECO "D05"]
[WhiteElo "1802"]
[BlackElo "1801"]
[Annotator ",martin-koller@seznam"]
[PlyCount "44"]
[TimeControl "240+2"]

{600MB, Fritz10.ctg} 1. d4 d5 2. b3 Nf6 3. Nf3 e6 4. e3 c5 5. Bb5+ Bd7 6. Bxd7+
Nbxd7 7. Bb2 Bd6 8. O-O Qc7 9. Nbd2 e5 10. dxe5 Nxe5 11. Qe2 O-O 12. c4 dxc4
13. Nxe5 Bxe5 14. Bxe5 Qxe5 15. Nxc4 Qe7 16. Rad1 Ne4 17. Qf3 Rad8 18. h3 b5
19. Na5 Nd2 20. Qe2 Nxf1 21. Nc6 Qc7 22. Nxd8 Qh2+ 0-1

[Event "K11"]
[Site "?"]
[Date "2025.07.27"]
[Round "2"]
[White "Smisek, Robin"]
[Black "Lebeda, Frantisek"]
[Result "1/2-1/2"]
[ECO "E71"]
[WhiteElo "1823"]
[BlackElo "1857"]
[Annotator ",martin-koller@seznam"]
[PlyCount "30"]
[TimeControl "240+2"]

{600MB, Fritz10.ctg} 1. d4 Nf6 2. c4 g6 3. Nc3 Bg7 4. e4 d6 5. h3 Nbd7 6. Be3
e5 7. d5 O-O 8. g4 Nc5 9. Bxc5 dxc5 10. Be2 h6 11. h4 Ne8 12. Qd2 Nd6 13. O-O-O
a6 14. Qe3 b6 15. g5 h5 1/2-1/2

[Event "K11"]
[Site "?"]
[Date "2025.07.27"]
[Round "2"]
[White "Spindler, Markus"]
[Black "Melerowicz, Thomas"]
[Result "1/2-1/2"]
[ECO "B02"]
[WhiteElo "1883"]
[BlackElo "1979"]
[Annotator ",martin-koller@seznam"]
[PlyCount "38"]
[TimeControl "240+2"]

{600MB, Fritz10.ctg} 1. e4 d5 2. exd5 Nf6 3. Nc3 Nxd5 4. Nxd5 Qxd5 5. Nf3 Bg4
6. Be2 Nc6 7. O-O O-O-O 8. d3 e5 9. h3 Bh5 10. c4 Qd6 11. Ng5 Bxe2 12. Qxe2 Qd7
13. Rd1 f5 14. Bd2 h6 15. Nf3 Qxd3 16. Qxd3 Rxd3 17. Bc3 Rxd1+ 18. Rxd1 Bd6 19.
Re1 g5 1/2-1/2

[Event "K11"]
[Site "?"]
[Date "2025.07.27"]
[Round "2"]
[White "Dome, Michal"]
[Black "Tichy, Petr"]
[Result "1/2-1/2"]
[ECO "B55"]
[WhiteElo "1963"]
[BlackElo "1967"]
[Annotator ",martin-koller@seznam"]
[PlyCount "42"]
[TimeControl "240+2"]

{600MB, Fritz10.ctg} 1. e4 c5 2. Nf3 d6 3. d4 cxd4 4. Nxd4 Nf6 5. f3 a6 6. c4
Nc6 7. Be3 Bd7 8. Nc3 e6 9. Be2 Be7 10. O-O O-O 11. Qd2 Rb8 12. Nc2 Qc7 13.
Rfd1 Rfd8 14. Rac1 b6 15. Ne1 h6 16. Bf1 Qb7 17. Kh1 Be8 18. Qf2 Ne5 19. Qg3
Ng6 20. Qf2 Ne5 21. Qg3 Ng6 1/2-1/2

[Event "K11"]
[Site "?"]
[Date "2025.07.27"]
[Round "2"]
[White "Schimmer, Michael"]
[Black "Vesely, Jaromir"]
[Result "0-1"]
[ECO "C10"]
[WhiteElo "1819"]
[BlackElo "1924"]
[Annotator ",martin-koller@seznam"]
[PlyCount "96"]
[TimeControl "240+2"]

{600MB, Fritz10.ctg} 1. e4 e6 2. d4 d5 3. Nc3 f5 4. exd5 exd5 5. Qh5+ g6 6.
Qe2+ Kf7 7. Nf3 Nf6 8. h4 c6 9. Ne5+ Kg8 10. f3 Nbd7 11. Nd3 Qe8 12. Qxe8 Nxe8
13. Bf4 Bd6 14. O-O-O Ndf6 15. Be2 Bxf4+ 16. Nxf4 Ng7 17. Bd3 Ngh5 18. Nfe2 f4
19. Rde1 Kf7 20. Nd1 Re8 21. Nf2 Bd7 22. Kd2 Re7 23. Nc1 Rae8 24. Rxe7+ Rxe7
25. Re1 Rxe1 26. Kxe1 Ng3 27. c3 Nfh5 28. Ng4 Bf5 29. Ne5+ Ke6 30. Bxf5+ Nxf5
31. Ncd3 Kd6 32. Nf7+ Kc7 33. Ng5 Nxh4 34. Kf2 h6 35. Ne6+ Kd6 36. Nexf4 Nxf4
37. Nxf4 g5 38. Nd3 Ng6 39. g3 b6 40. Ke3 Ke6 41. Nb4 c5 42. dxc5 bxc5 43. Nd3
Kd6 44. Nf2 Ne5 45. f4 Nc4+ 46. Kf3 Nxb2 47. fxg5 hxg5 48. Nh3 Na4 0-1

[Event "K12"]
[Site "?"]
[Date "2025.07.27"]
[Round "2"]
[White "Svoboda, Daniel"]
[Black "Marsalek, Lubos"]
[Result "1/2-1/2"]
[ECO "B21"]
[WhiteElo "1941"]
[BlackElo "1906"]
[Annotator ",martin-koller@seznam"]
[PlyCount "29"]
[TimeControl "240+2"]

{600MB, Fritz10.ctg} 1. e4 c5 2. c3 e5 3. d4 cxd4 4. cxd4 exd4 5. Qxd4 Nc6 6.
Qd1 Nf6 7. Nc3 Bb4 8. Bd3 d5 9. exd5 Nxd5 10. Nge2 Nxc3 11. bxc3 Bd6 12. O-O
O-O 13. Ng3 Bxg3 14. hxg3 Na5 15. Bb2 1/2-1/2

[Event "K12"]
[Site "?"]
[Date "2025.07.27"]
[Round "2"]
[White "Feierfeil, Jiri"]
[Black "Macha, Vaclav"]
[Result "0-1"]
[ECO "D05"]
[WhiteElo "1738"]
[BlackElo "1875"]
[Annotator ",martin-koller@seznam"]
[PlyCount "60"]
[TimeControl "240+2"]

{600MB, Fritz10.ctg} 1. d4 d5 2. Nf3 Nf6 3. e3 e6 4. Bd3 Bd6 5. Nbd2 c5 6. c3
O-O 7. O-O Nc6 8. Re1 e5 9. dxe5 Nxe5 10. Nxe5 Bxe5 11. Nf3 Bc7 12. b4 c4 13.
Bc2 Bg4 14. a4 b5 15. a5 Re8 16. Qd4 Bxf3 17. gxf3 Qd6 18. Qh4 Re5 19. f4 Rh5
20. Qg3 Ne4 21. Bxe4 dxe4 22. Qg4 Rh6 23. Qe2 Qf6 24. Bb2 Rd8 25. Rad1 Rxd1 26.
Rxd1 Qh4 27. f3 exf3 28. Qf2 Rg6+ 29. Kf1 Qh3+ 30. Ke1 Rg2 0-1

[Event "K12"]
[Site "?"]
[Date "2025.07.27"]
[Round "2"]
[White "Korenek, Frantisek"]
[Black "Suchy, Ladislav"]
[Result "1/2-1/2"]
[ECO "C42"]
[WhiteElo "1968"]
[BlackElo "1852"]
[Annotator ",martin-koller@seznam"]
[PlyCount "86"]
[TimeControl "240+2"]

{600MB, Fritz10.ctg} 1. e4 e5 2. Nf3 Nf6 3. Nxe5 d6 4. Nf3 Nxe4 5. Qe2 Qe7 6.
d3 Nf6 7. Bg5 Nbd7 8. d4 h6 9. Bh4 g5 10. Bg3 Nb6 11. Nc3 Be6 12. O-O-O Nbd5
13. Nxd5 Nxd5 14. Qd2 O-O-O 15. Bd3 Bg7 16. Rhe1 Qd7 17. Qa5 Kb8 18. h3 Nb6 19.
c3 Nc4 20. Qb4 a5 21. Qb3 Ne3 22. d5 Bxd5 23. c4 Bxf3 24. gxf3 Nxd1 25. Rxd1
Rhe8 26. Be4 Qc8 27. Rd5 Rxe4 28. fxe4 a4 29. Qxa4 b6 30. Qc6 Qxh3 31. e5 Qd7
32. Qxd7 Rxd7 33. exd6 c6 34. Rf5 Kc8 35. Kc2 Bf8 36. Rf6 Bg7 37. Rf5 Bf8 38.
c5 bxc5 39. Rxc5 Kb7 40. Rf5 Bxd6 41. Bxd6 Rxd6 42. Rxf7+ Kb6 43. Rf5 Rg6
1/2-1/2

[Event "M11"]
[Site "?"]
[Date "2025.07.27"]
[Round "2"]
[White "Schaefer, Martin"]
[Black "Kalisky, Vladimir"]
[Result "0-1"]
[ECO "A54"]
[WhiteElo "1983"]
[BlackElo "2133"]
[Annotator ",martin-koller@seznam"]
[PlyCount "110"]
[TimeControl "240+2"]

{600MB, Fritz10.ctg} 1. d4 Nf6 2. c4 d6 3. Nc3 e5 4. Nf3 Nc6 5. dxe5 Nxe5 6.
Nxe5 dxe5 7. Qxd8+ Kxd8 8. Bg5 Be6 9. O-O-O+ Kc8 10. Nd5 Ne4 11. Bh4 g5 12. Bg3
Bd6 13. b3 c6 14. Ne3 Ba3+ 15. Kc2 f6 16. f3 Nxg3 17. hxg3 Be7 18. g4 Kc7 19.
g3 Rag8 20. Bg2 Bc5 21. Rd3 a5 22. Rh6 Rg6 23. Rh1 Rg7 24. Rh6 Rf7 25. Rh5 a4
26. Bh3 axb3+ 27. axb3 Ra8 28. Kb1 Bd4 29. Nc2 Bf2 30. f4 gxf4 31. gxf4 exf4
32. Rf3 Be3 33. Nxe3 fxe3 34. Rxe3 Re8 35. Kb2 Bxg4 36. Rxe8 Bxh5 37. c5 f5 38.
Kc3 Bg4 39. Bg2 h5 40. Kd3 Rh7 41. Rg8 h4 42. e4 h3 43. Bh1 h2 44. Ke3 Rh3+ 45.
Kf2 Rxb3 46. Rg7+ Kb8 47. exf5 Bxf5 48. Rg5 Be6 49. Rh5 Rb2+ 50. Kg3 Ka7 51.
Rxh2 Rxh2 52. Kxh2 Bd5 53. Bxd5 cxd5 54. Kg3 Ka6 55. Kf4 Kb5 0-1

[Event "M11"]
[Site "?"]
[Date "2025.07.27"]
[Round "2"]
[White "Feldheim, Jonas"]
[Black "Reichmann, Steffen"]
[Result "1-0"]
[ECO "B23"]
[WhiteElo "2118"]
[BlackElo "1996"]
[Annotator ",martin-koller@seznam"]
[PlyCount "123"]
[TimeControl "240+2"]

{600MB, Fritz10.ctg} 1. e4 c5 2. Nc3 Nc6 3. Bb5 Nd4 4. Nf3 Nxb5 5. Nxb5 a6 6.
Nc3 e6 7. d4 cxd4 8. Qxd4 Ne7 9. Bf4 Nc6 10. Qd2 Be7 11. O-O d6 12. Rad1 e5 13.
Be3 Be6 14. Nd5 Bxd5 15. Qxd5 O-O 16. Nd2 Qc7 17. c3 b5 18. f4 exf4 19. Bxf4
Ne5 20. Kh1 Rac8 21. Nf3 Nc4 22. Rf2 Qb6 23. Qd4 Qc6 24. b3 Ne5 25. Bxe5 dxe5
26. Nxe5 Qxc3 27. Qxc3 Rxc3 28. g3 f6 29. Nd7 Re8 30. e5 fxe5 31. Nxe5 Re3 32.
Rd5 Bf6 33. Nd7 Bc3 34. Rdf5 h6 35. Kg2 Bb4 36. Nb6 Be1 37. Rc2 b4 38. Nd5 R3e5
39. Rxe5 Rxe5 40. Nf4 Bc3 41. Ne2 Ba1 42. Kf3 Re7 43. Rc4 a5 44. Rc5 Re5 45.
Rxe5 Bxe5 46. Ke4 Bf6 47. Nd4 Bd8 48. Nc6 Bb6 49. Kd5 Kf7 50. Kc4 Ke6 51. Kb5
Bg1 52. h3 Kd5 53. Nxa5 Bh2 54. g4 Bd6 55. Nc6 Ke4 56. Nxb4 Kf3 57. a4 Bh2 58.
a5 Kg3 59. a6 Bg1 60. Nd5 Ba7 61. Kc6 Kxh3 62. Kb7 1-0